 Dungeon Crawl Stone Soup version 0.31.0-32-g396128a36d (webtiles) character file.

Game seed: 8894902975737013956

2752 PaiMei the Zephyrmancer (level 9, 0/55 HPs)
             Began as a Tengu Air Elementalist on Mar 15, 2024.
             Was a Follower of Vehumet.
             Succumbed to a killer bee's poison
             ... on level 9 of the Dungeon.
             The game lasted 00:16:47 (9048 turns).

PaiMei the Zephyrmancer (Tengu Air Elementalist)    Turns: 9048, Time: 00:16:48

Health: 0/55       AC:  7    Str:  9    XL:     9   Next: 68%
Magic:  17/19      EV: 24    Int: 19    God:    Vehumet [*.....]
Gold:   471        SH:  0    Dex: 15    Spells: 17/20 levels left

rFire   . . .        A - +9 sling "Qyosch" {drain, rC+}
rCold   + . .        (no shield)
rNeg    . . .        a - +0 robe
rPois   .            (helmet restricted)
rElec   .            (no cloak)
rCorr   .            e - +0 pair of gloves
SInv    .            (boots unavailable)
Will    .....        (no amulet)
Stlth   ++           d - +5 ring of evasion
HPRegen 0.29/turn    F - +4 ring of protection
MPRegen 0.16/turn

%: acrobat
@: lethally poisoned (0 -> -5), flying
A: beak, talons 3, evasive flight, acrobatic
a: Renounce Religion


You were on level 9 of the Dungeon.
You worshipped Vehumet.
Vehumet was aware of your devotion.
You visited 2 branches of the dungeon, and saw 10 of its levels.
You also visited: Sewer.

You collected 471 gold pieces.

Inventory:

Hand Weapons
 A - the +9 sling "Qyosch" (weapon) {drain, rC+}
   (You found it on level 5 of the Dungeon)

   rC+:       It protects you from cold.
 D - a +1 short sword of venom
Missiles
 y - 16 poisoned darts
 E - a curare-tipped dart
 L - a throwing net
Armour
 a - a +0 robe (worn)
 e - a +0 pair of gloves (worn)
Jewellery
 d - a +5 ring of evasion (left hand)
 F - a +4 ring of protection (right hand)
 H - a ring of poison resistance
Wands
 p - a wand of digging (5)
 v - a wand of polymorph (17)
 I - a wand of charming (8)
 K - a wand of flame (5)
Scrolls
 k - 2 scrolls of fear {unknown}
 l - a scroll of poison {unknown}
 m - 11 scrolls of identify {unknown}
 n - 2 scrolls of vulnerability {unknown}
 o - a scroll of immolation {unknown}
 t - 2 scrolls of enchant armour {unknown}
 u - a scroll of enchant weapon {unknown}
 x - 2 scrolls of amnesia {unknown}
 C - a scroll of revelation {unknown}
 G - 3 scrolls of teleportation {unknown}
 J - a scroll of summoning {unknown}
Potions
 b - 5 potions of magic
 c - a potion of curing {unknown}
 f - 4 potions of haste {unknown}
 g - a potion of invisibility {unknown}
 h - 2 potions of resistance
 i - 3 potions of enlightenment {unknown}
 j - a potion of brilliance {unknown}
 q - 3 potions of might {unknown}
 r - 4 potions of mutation {unknown}
 s - 4 potions of heal wounds {unknown}
 w - a potion of lignification {unknown}
 z - a potion of attraction {unknown}
 B - a potion of cancellation {unknown}


   Skills:
 + Level 6.2 Fighting
 + Level 7.3 Dodging
 - Level 2.3 Stealth
 + Level 6.2 Spellcasting
 - Level 2.0 Conjurations
 + Level 9.3 Air Magic


You had 17 spell levels left.
You knew the following spells:

 Your Spells              Type           Power      Damage    Failure   Level
a - Shock                 Conj/Air       100%       1d9       1%          1
b - Static Discharge      Conj/Air       54%        3-6/arc   1%          2

Your spell library contained the following spells:

 Spells                   Type           Power      Damage    Failure   Level
 Kiss of Death            Conj/Necr      36%        2d8       7%          1
 Swiftness                Air            41%        N/A       1%          3
 Airstrike                Air            20%        2d(3-19)  2%          4
 Anguish                  Hex/Necr       2%         N/A       73%         4
 Cause Fear               Hex            2%         N/A       73%         4
 Enfeeble                 Hex            2%         N/A       100%        7


Dungeon Overview and Level Annotations

Branches:
Dungeon (9/15)             Temple (1/1) D:5           Sewer (visited)
   Lair: D:8-11         Orc: D:9-12

Altars:
Ashenzari
Cheibriados
Dithmenos
Elyvilon
Fedhas
Gozag
Hepliaklqana
Kikubaaqudgha
Makhleb
Nemelex Xobeh
Okawaru
Qazlal
Ru
Sif Muna
Trog
Uskayaw
Vehumet
Yredelemnul
Zin
The Shining One

Shops:
D:2 *   D:4 *

Annotations:
D:7 2 transporters


Innate Abilities, Weirdness & Mutations

You have a beak for a mouth.
You have claws for feet.
Your magical flight helps you evade attacks. (EV +4)
You can magically evade attacks while moving or waiting.


Message History

The killer bee misses you. x2; The killer bee barely misses you.
You shoot a sling bullet. The sling bullet hits the killer bee!
You kill the killer bee!
Vehumet accepts your kill.
You feel your power returning.
You feel very sick.
You start resting.
You feel sick. x6
You are no longer poisoned.
You start resting.
Magic restored.
You are too injured to fight recklessly!
You are too injured to fight recklessly!
The killer bee buzzes angrily.
You see here a +2 long sword of electrocution.
You shoot a sling bullet. The sling bullet hits the killer bee!
The killer bee is heavily wounded.
The killer bee closely misses you. The killer bee misses you.
The killer bee closely misses you.
You shoot a sling bullet.
The sling bullet barely misses the killer bee.
The killer bee stings you.
* * * LOW HITPOINT WARNING * * *
You are poisoned.
The killer bee poisons you! The killer bee barely misses you.
You shoot a sling bullet. The sling bullet misses the killer bee.
* * * LOW HITPOINT WARNING * * *
You feel very sick. The killer bee completely misses you.
The killer bee stings you.
* * * LOW HITPOINT WARNING * * *
The killer bee misses you.
Casting: Static Discharge (safe; 1% risk of failure)
Confirm with . or Enter, or press ? or * to list all spells.
The killer bee is struck by an arc of lightning.
The killer bee is severely wounded.
You are struck by an arc of lightning.
* * * LOW HITPOINT WARNING * * *
The killer bee is struck by an arc of lightning.
The killer bee is almost dead.
You are struck by an arc of lightning.
You die...

#############
#....<......#
#..##########
#####..#
#.....@####### #
#.....y.......
#.#.....).......
#.#.............
#...............
##..............
#...............
##......##......
###.#.#..########


You could see a killer bee.

Vanquished Creatures
  Sigmund (D:6)
  2 wyverns
  Menkaure (D:5)
  An orc warrior (D:8)
  3 ice beasts
  An ogre (D:6)
  3 centaurs
  3 phantoms
  A kobold brigand (Sewer)
  3 bullfrogs
  2 scorpions (D:4)
  4 killer bees (D:9)
  An electric eel (D:8)
  A howler monkey (D:5)
  4 hounds
  A jelly (D:6)
  A sleepcap (D:6)
  A gnoll bouda (D:5)
  3 orc wizards (D:6)
  5 adders
  7 gnolls
  6 river rats (Sewer)
  3 white imps
  2 ribbon worms
  3 dart slugs
  24 orcs
  10 endoplasms
  2 giant cockroaches
  12 goblins
  6 hobgoblins
  25 kobolds
  5 quokkas
  19 ball pythons
  7 bats
  4 frilled lizards (D:1)
  21 rats
  A spectral goblin (D:3)
199 creatures vanquished.

Notes
Turn   | Place    | Note
-------+----------+-------------------------------------------
     0 | D:1      | PaiMei the Tengu Air Elementalist began the quest for the
                  | Orb.
     0 | D:1      | Reached XP level 1. HP: 10/10 MP: 4/4
   208 | D:1      | Reached XP level 2. HP: 7/15 MP: 0/6
   604 | D:1      | Found a faded altar of an unknown god.
   703 | D:1      | Reached XP level 3. HP: 19/19 MP: 0/7
  1264 | D:2      | Found Hood's Assorted Antiques.
  1268 | D:2      | Learned a level 2 spell: Static Discharge
  2074 | D:3      | Found a blossoming altar of Fedhas.
  2075 | D:3      | Found a shimmering blue altar of Sif Muna.
  2106 | D:3      | Found a glowing silver altar of Zin.
  2106 | D:3      | Found an iron altar of Okawaru.
  2615 | D:3      | Reached skill level 1 in Fighting
  2706 | D:3      | Reached XP level 4. HP: 25/25 MP: 5/8
  2984 | D:3      | Found a hazy altar of Hepliaklqana.
  3106 | D:4      | Noticed a +0 falchion
  3110 | D:4      | Noticed a +0 dagger
  3118 | D:4      | Noticed a +0 dagger
  3134 | D:4      | Noticed a +0 short sword
  3142 | D:4      | Noticed a +0 spear
  3165 | D:4      | Noticed a +0 spear
  3187 | D:4      | Found a hide-covered altar of Uskayaw.
  3210 | D:4      | Noticed a +0 falchion
  3228 | D:4      | Noticed a +0 short sword
  3296 | D:4      | Noticed a scorpion
  3302 | D:4      | Killed a scorpion
  3303 | D:4      | Reached XP level 5. HP: 29/29 MP: 2/10
  3394 | D:4      | Found Docuast's General Store.
  3419 | D:4      | Reached skill level 5 in Air Magic
  3896 | D:4      | Reached XP level 6. HP: 35/35 MP: 6/11
  4359 | D:5      | Entered Level 5 of the Dungeon
  4385 | D:5      | Identified the +9 sling "Qyosch" {drain, rC+}
  4480 | D:5      | Noticed Menkaure
  4484 | D:5      | Killed Menkaure
  4485 | D:5      | Reached skill level 6 in Air Magic
  4485 | D:5      | Gained mutation: Your magical flight helps you evade
                  | attacks. (EV +4) [Tengu growth]
  4485 | D:5      | Reached XP level 7. HP: 22/41 MP: 13/13
  4638 | D:5      | Found a staircase to the Ecumenical Temple.
  4690 | D:5      | Found a glowing drain.
  4706 | Sewer    | Entered a sewer
  5099 | Sewer    | Reached skill level 5 in Dodging
  5228 | Sewer    | Reached XP level 8. HP: 48/48 MP: 15/15
  5671 | D:5      | Reached skill level 7 in Air Magic
  5828 | Temple   | Entered the Ecumenical Temple
  5841 | Temple   | Became a worshipper of Vehumet
  5910 | D:6      | Noticed Sigmund
  5932 | D:6      | Killed Sigmund
  6663 | D:6      | Reached skill level 5 in Spellcasting
  6886 | D:6      | Reached skill level 5 in Fighting
  6886 | D:6      | Reached skill level 8 in Air Magic
  6949 | D:6      | Reached * piety under Vehumet
  6949 | D:6      | Offered knowledge of Kiss of Death by Vehumet.
  6952 | D:6      | Reached XP level 9. HP: 24/54 MP: 13/18
  7327 | D:6      | Found a sacrificial altar of Ru.
  7430 | D:7      | Found a transporter.
  7592 | D:7      | Found a transporter.
  7990 | D:8      | Found a sparkling altar of Nemelex Xobeh.
  7991 | D:8      | Found an ancient bone altar of Kikubaaqudgha.
  8070 | D:8      | Reached skill level 9 in Air Magic
  9048 | D:9      | HP: 2/55 [/static electricity (2)]
  9048 | D:9      | Succumbed to a killer bee's poison

Illustrated notes

Levels and vault maps discovered:
D:1:      lemuel_arrival_muddy, layout_loops_ring, basic_ecumenical_altar,
          minmay_tetromino_o4
D:2:      layout_loops_cross, serial_shops, nicolae_shop_stone
D:3:      layout_basic, grunt_temple_overflow_open,
          nicolae_hepliaklqana_monster_ancestors, moated_statue
D:4:      layout_rooms, nicolae_uskayaw_en_pointe, serial_shops, shop
D:5:      layout_basic, minmay_temple_entry_waves, portal_sewer_entry_f,
          grunt_decor_fettered, uniq_menkaure
D:6:      layout_layer_cave, mainiacjoe_overflow_alcove_4,
          kennysheep_generic_room_5, uniq_sigmund
D:7:      gammafunk_cloud_chamber, layout_basic
D:8:      layout_gridville, nicolae_overflow_squiral, minmay_misc_feat_x
D:9:      nicolae_cairo_tiling_large, layout_long_grid,
          mainiacjoe_overflow_catwalk, serial_co_window_serial,
          co_window_corner_a, co_window_of_opportunity_a, co_window_paths_a,
          co_window_cross_1, co_window_paths_a, co_window_corner_a,
          co_window_unsneaky_path_d, co_window_corner_ca, co_window_broadway_a,
          co_window_broadway_a, co_window_paths_d, glass_columns_b,
          glass_columns_a, glass_columns_c, glass_columns_a
Temple:   nicolae_temple_ecumenical_triangle

Skill      XL: |  1  2  3  4  5  6  7  8  9 |
---------------+----------------------------+-----
Conjurations   | 2 |  2.0
Fighting       | 1 2 3 5 6 |  6.2
Dodging        | 3 4 5 6 7 |  7.3
Air Magic      | 5 6 8 9 |  9.3
Spellcasting   | 3 4 5 6 |  6.2
Stealth        | |  2.3

Action                     |  1- 3 |  4- 6 |  7- 9 || total
---------------------------+-------+-------+-------++-------
  Melee: Short sword       |    11 |    16 |       ||    27
         Unarmed           |     3 |       |    14 ||    17
         Peck              |     3 |     3 |       ||     6
         Kick              |     2 |     3 |       ||     5
         Punch             |       |     1 |       ||     1
   Fire: Sling             |       |    10 |   295 ||   305
   Cast: Shock             |    99 |    89 |     7 ||   195
         Static Discharge  |       |       |     3 ||     3
 Armour: Robe              |     8 |     8 |    52 ||    68
         Skin              |       |       |     1 ||     1
  Dodge: Dodged            |    13 |    24 |   225 ||   262
